 Dungeon Crawl Stone Soup version 0.11.3 (webtiles) character file.

128 Rycklaryybbe the Sneak (level 3, 0/26 HPs)
             Began as a Vampire Stalker on July 16, 2013.
             Succumbed to an adder's poison
             ... on Level 2 of the Dungeon.
             The game lasted 00:06:52 (1644 turns).

Rycklaryybbe the Sneak (Vampire Stalker)            Turns: 1644, Time: 00:06:52

HP   0/26        AC  4     Str  9      XL: 3   Next: 71%
MP   4/4         EV 18     Int 15      God:
Gold 68          SH  0     Dex 20      Spells:  2 memorised,  1 level left

Res.Fire  : . . .   See Invis. : +   a - +2 dagger {=f}
Res.Cold  : . . .   Warding    : .   b - +0 robe
Life Prot.: + . .   Conserve   : .   (no shield)
Res.Poison: .       Res.Corr.  : .   (no helmet)
Res.Elec. : .       Clarity    : .   c - +0 cloak
Sust.Abil.: . .     Spirit.Shd : .   (no gloves)
Res.Mut.  : .       Stasis     : .   m - +0 pair of elf boots
Res.Rott. : .       Ctrl.Telep.: .   (no amulet)
Saprovore : . . .   Levitation : .   (no ring) Ctrl.Flight: .
                                     (no ring)

@: agile, mildly poisoned, slightly resistant to hostile enchantments, very
stealthy
A: fangs 3, see invisible, unbreathing
a: Bat Form


You were on level 2 of the Dungeon.
You were not thirsty.

You visited 1 branch of the dungeon, and saw 2 of its levels.

You collected 48 gold pieces.

Inventory:

Hand weapons
 a - a +2,+2 dagger (weapon) {=f}
Armour
 b - a +0 robe (worn)
 c - a +0 cloak (worn)
 m - a +0 pair of elven boots (worn)
Scrolls
 g - 4 scrolls of fear {unknown}
 h - a scroll of remove curse {unknown}
 j - a scroll of teleportation {unknown}
 k - a scroll of curse weapon {unknown}
 l - 3 scrolls of identify {unknown}
 o - a scroll of random uselessness {unknown}
Potions
 e - 4 potions of confusion
 q - a potion of water
Books
 d - a book of Stalking

   Spells                             Type                      Level
   *Fulsome Distillation              Transmutation/Necromancy     1
   *Evaporate                         Fire/Transmutation           2
   Passwall                           Transmutation/Earth          3
   Petrify                            Transmutation/Earth          4
   Dig                                Transmutation/Earth          4


   Skills:
 - Level 0.8 Fighting
 - Level 1.1 Short Blades
 - Level 2.1 Dodging
 * Level 4.9 Stealth
 + Level 2.5 Stabbing
 - Level 1.0 Spellcasting
 + Level 3.5 Transmutations


You had one spell level left.
You knew the following spells:

 Your Spells              Type           Power        Failure   Level  Hunger
a - Fulsome Distillation  Trmt/Necr      N/A          12%         1    ##.....
b - Evaporate             Fire/Trmt      ##.....      17%         2    ###....


Dungeon Overview and Level Annotations

Branches:
Dungeon (2/27)

Altars:
Okawaru
Vehumet


Innate Abilities, Weirdness & Mutations

You have razor-sharp teeth.*
You have supernaturally acute eyesight.
You can survive without breathing.*


Message History

You feel sick.
Drink which item? (? for menu, Esc to quit)
Blech - that potion was really gluggy!
It was a potion of porridge.
Drink which item? (? for menu, Esc to quit)
You suddenly lose the ability to move!
It was a potion of paralysis.
You can move again.
Drink which item? (? for menu, Esc to quit)
Okay, then.
* * * LOW HITPOINT WARNING * * *
You feel sick.
* * * LOW HITPOINT WARNING * * *
You feel sick.
* * * LOW HITPOINT WARNING * * *
You feel sick.
* * * LOW HITPOINT WARNING * * *
You feel sick.
You aren't carrying any corpses which you can drain.
Drink which item? (? for menu, Esc to quit)
Yummy - fresh blood!
You die...

#.# ##........#♣#♣#....
#.# #....#..#.♣.$.♣... #.#
#..#<#..#.#._.#.. #
#.#.###..#.#....♣...♣.#
#.#.#........#_.#.#♣#♣#.#
#.#.##########..#.......#
#........%......##..#####
###w###########.##.######
#...#........@..........##
###.#.#########..........#
#...#.# #................#
#.###.# #................#
#(# #.# #..(............##
#.# #.# #........########
#w# #.# #........# #.# #.#
#........# ###.###.#
#........#


There were no monsters in sight!

Vanquished Creatures
  An adder (D:2)
  A giant mite (D:1)
  2 worms (D:2)
  A giant gecko (D:1)
  An ooze (D:2)
  4 bats (D:1)
  4 giant cockroaches (D:1)
  4 goblins (D:1)
  5 hobgoblins (D:1)
  A giant newt (D:1)
  4 kobolds (D:1)
  3 rats (D:1)
31 creatures vanquished.

Vanquished Creatures (others)
  A rat (D:2)
  A toadstool (D:1)
2 creatures vanquished.

Grand Total: 33 creatures vanquished

Notes
Turn   | Place    | Note
--------------------------------------------------------------
     0 | D:1      | Rycklaryybbe, the Vampire Stalker, began the quest for the Orb.
     0 | D:1      | Reached XP level 1. HP: 15/15 MP: 2/2
   200 | D:1      | Reached XP level 2. HP: 4/21 MP: 3/3
   386 | D:1      | Learned a level 2 spell: Evaporate
   637 | D:1      | Reached skill level 4 in Stealth
   738 | D:1      | Reached XP level 3. HP: 23/26 MP: 4/4
   938 | D:2      | Found a radiant altar of Vehumet.
   938 | D:2      | Found an iron altar of Okawaru.
  1625 | D:2      | Paralysed by a potion of paralysis for 6 turns
  1642 | D:2      | HP: 1/26 [poisoned by an adder]
  1644 | D:2      | Succumbed to an adder's poison
